 Dungeon Crawl Stone Soup version 0.26-a0-259-g1effd001a9 (webtiles) character file.

Game seed: 4058206682998183291

6237 Icebird the Basher (level 10, -5/136 HPs)
             Began as a Minotaur Berserker on July 27, 2020.
             Was an Elder of Trog.
             Slain by a gargoyle
             ... wielding a +0 morningstar
              (13 damage)
             ... on level 10 of the Dungeon.
             The game lasted 00:54:45 (9567 turns).

Icebird the Basher (Minotaur Berserker)             Turns: 9567, Time: 00:54:46

Health: -5/136     AC: 16    Str: 24    XL:     10   Next: 62%
Magic:  9/9        EV:  7    Int:  5    God:    Trog [****..]
Gold:   762        SH:  7    Dex: 10    Spells: 9/9 levels left

rFire    . . .     SeeInvis .   E - +4 mace "Gumuust" {speed, rElec rC- rN++}
rCold    x . .     Faith    .   m - +0 kite shield
rNeg     + + .     Spirit   .   Q - +4 chain mail
rPois    +         Reflect  .   (helmet restricted)
rElec    +         Harm     .   (no cloak)
rCorr    .                      G - +0 pair of gloves
MR       +....                  (no boots)
Stlth    ..........             (no amulet)
HPRegen  0.32/turn              n - ring of protection from magic
MPRegen  0.11/turn              y - ring of poison resistance

@: berserking, very quick
A: retaliatory headbutt, horns 2
a: Berserk, Trog's Hand, Brothers in Arms, Renounce Religion


You were on level 10 of the Dungeon.
You worshipped Trog.
Trog was greatly pleased with you.
You were not hungry.

You visited 1 branch of the dungeon, and saw 10 of its levels.
You also visited: Ossuary.

You collected 762 gold pieces.

Inventory:

Hand Weapons
 e - a +2 vorpal flail
 D - a +2 shortbow of freezing
 E - the +4 mace "Gumuust" (weapon) {speed, rElec rC- rN++}
   (You took it off an orc on level 4 of the Dungeon)

   Attacks with this weapon are significantly faster.
   It makes you vulnerable to cold.
   It insulates you from electricity.
   It greatly protects you from negative energy.
Missiles
 d - 213 stones (quivered)
 j - 2 silver javelins
 k - 41 poisoned darts
 q - 244 arrows
 v - 62 bolts
 H - 4 silver boomerangs
 N - 7 javelins
Armour
 m - a +0 kite shield (worn)
 F - the +6 chain mail of Vehumet's Respect {rN+ Int-5 Slay+3}
   (You took it off an orc on level 4 of the Dungeon)

   It affects your intelligence (-5).
   It affects your accuracy and damage with ranged weapons and melee attacks
   (+3).
   It protects you from negative energy.
 G - a +0 pair of gloves (worn)
 Q - a +4 chain mail (worn)
Jewellery
 n - a ring of protection from magic (left hand)
 s - an uncursed ring of flight
 y - a ring of poison resistance (right hand)
 A - an uncursed ring of fire
 C - an uncursed ring of protection from magic
 K - an uncursed amulet of faith
Wands
 J - a wand of paralysis (19)
 L - a wand of random effects (12)
Scrolls
 a - 2 scrolls of blinking {unknown}
 f - 5 scrolls of remove curse
 h - 2 scrolls of enchant armour {unknown}
 i - 6 scrolls of teleportation
 l - 2 scrolls of noise {unknown}
 o - 2 scrolls of amnesia {unknown}
 p - 3 scrolls of enchant weapon
 t - 2 scrolls of immolation {unknown}
 x - 4 scrolls of fear {unknown}
 M - 3 scrolls of random uselessness {unknown}
 P - a scroll of magic mapping {unknown}
Potions
 b - a potion of cancellation {unknown}
 g - 5 potions of brilliance
 r - a potion of haste
 u - 3 potions of curing
 w - 2 potions of magic
 z - 2 potions of stabbing {unknown}
 B - 2 potions of mutation
 I - a potion of degeneration {unknown}
 O - 2 potions of resistance
Comestibles
 c - 30 rations


   Skills:
 + Level 9.3 Fighting
   Level 9.8(11.9) Axes
 + Level 11.1(12.5) Maces & Flails
 + Level 8.7 Armour
 + Level 4.2 Dodging
 + Level 0.8 Stealth


You had 9 spell levels left.
You didn't know any spells.
Your spell library contained the following spells:

 Spells                   Type           Power        Failure   Level
 Beastly Appendage        Tmut           #.....       100%        1
 Corona                   Hex            #......      100%        1
 Slow                     Hex            #.......     100%        2
 Sticks to Snakes         Tmut           #.......     100%        2
 Inner Flame              Hex/Fire       #.......     100%        3
 Portal Projectile        Hex/Tloc       #.....       100%        3
 Spider Form              Tmut/Pois      #.........   100%        3
 Cause Fear               Hex            #.........   100%        4
 Ice Form                 Ice/Tmut       #.......     100%        4
 Leda's Liquefaction      Hex/Erth       #.........   100%        4
 Blade Hands              Tmut           #.........   100%        5


Dungeon Overview and Level Annotations

Branches:
Dungeon (10/15)            Temple (0/1) D:4            Lair (0/6) D:10
Ossuary (visited)
    Orc: D:9-12

Altars:
Ashenzari
Cheibriados
Gozag
Nemelex Xobeh
Okawaru
Ru
Sif Muna
Trog
Xom
Beogh

Shops:
D:8 %*


Innate Abilities, Weirdness & Mutations

You reflexively headbutt those who attack you in melee.
You have a pair of horns on your head.


Message History

* * * LOW HITPOINT WARNING * * *
Your chain mail prevents you from hitting the gargoyle.
The gargoyle is moderately damaged.
You hit the gargoyle but do no damage.
The gargoyle is moderately damaged.
The gargoyle hurls a stone arrow at you.
The stone arrow hits you!
* * * LOW HITPOINT WARNING * * *
Aiming: Paralyse
Press: ? - help, Shift-Dir - straight line, f - gargoyle
Aim: a gargoyle, wielding a +0 morningstar (moderately damaged, chance to defeat MR: 28%)
Okay, then.
A red film seems to cover your vision as you go berserk!
You feel yourself moving faster!
You feel mighty!
The gargoyle hurls a stone arrow at you.
The stone arrow misses you.
Your shield and chain mail prevent you from hitting the gargoyle.
The gargoyle is moderately damaged.
The gargoyle hits you with a +0 morningstar!
You die...

........>..#
#.....#..# . #....#
..# .. #
##..#.##..##... ..
##..##........#
#..##..####.....###
#....## ##.....#
###..####...##.....
#..)@....## ...#
##.9##....# ..#
....# ##....# ..
.....# ##.##..# .
..... #.# #.. ....
#.# #.. ... #.# .#
..>


You could see a gargoyle.

Vanquished Creatures
  A two-headed ogre (D:9)
  The ghost of HoaS the Grappler, a novice GrGl of Makhleb (D:4)
  A queen bee (D:8)
  5 yaks (D:9)
  2 wargs (D:10)
  6 orc warriors
  An ice beast (D:7)
  3 phantoms
  A sky beast (D:5)
  2 black bears
  3 centaurs
  3 ogres
  2 bullfrogs
  A scorpion (D:7)
  14 killer bees (D:8)
  A water moccasin skeleton (D:5)
  2 howler monkeys (D:5)
  A bullfrog zombie (D:6)
  2 hounds (D:6)
  A centaur zombie (D:6)
  A centaur skeleton (D:7)
  5 orc priests
  A jelly (D:7)
  11 orc wizards
  4 iguanas
  5 worker ants
  A killer bee zombie (D:6)
  3 big kobold zombies (Ossuary)
  2 mummies (Ossuary)
  A worker ant zombie (D:9)
  3 gnolls (D:7)
  A howler monkey skeleton (D:4)
  12 adders
  4 shadow imps
  5 white imps
  An ooze (D:1)
  An adder zombie (D:8)
  3 adder skeletons
  4 worms
  2 dart slugs
  4 leopard geckos
  33 orcs
  3 ball pythons
  11 bats
  8 giant cockroaches
  2 gnoll zombies (Ossuary)
  5 goblins
  7 hobgoblins
  15 jackals
  2 quokkas
  4 frilled lizards
  5 goblin zombies (Ossuary)
  2 hobgoblin zombies (Ossuary)
  5 kobolds
  2 orc zombies (Ossuary)
  3 quokka skeletons
  6 rats
240 creatures vanquished.

Vanquished Creatures (collateral kills)
  A centaur (D:9)
  A scorpion (D:9)
  2 killer bees (D:8)
4 creatures vanquished.

Grand Total: 244 creatures vanquished

Notes
Turn   | Place    | Note
-------+----------+-------------------------------------------
     0 | D:1      | Icebird the Minotaur Berserker began the quest for the Orb.
     0 | D:1      | Reached XP level 1. HP: 19/19 MP: 0/0
    56 | D:1      | Reached XP level 2. HP: 27/27 MP: 1/1
   451 | D:1      | Reached XP level 3. HP: 33/33 MP: 2/2
   506 | D:1      | Reached ** piety under Trog
   989 | D:2      | Reached skill level 5 in Axes
  1026 | D:2      | Reached XP level 4. HP: 29/41 MP: 3/3
  1463 | D:3      | Found an opulent altar of Gozag.
  1509 | D:3      | Found a shimmering blue altar of Sif Muna.
  2191 | D:4      | Reached XP level 5. HP: 47/47 MP: 4/4
  2209 | D:4      | Found a runed translucent gate.
  2209 | D:4      | Noticed HoaS's ghost (novice GrGl)
  2211 | D:4      | Found a runed translucent gate.
  2211 | D:4      | Identified the +4 mace "Gumuust" {speed, rElec rC- rN++}
  2211 | D:4      | Identified the +6 chain mail of Vehumet's Respect {rN+
                  | Int-5 Slay+3}
  2212 | D:4      | Found a runed translucent gate.
  2212 | D:4      | Found a roughly hewn altar of Beogh.
  2404 | D:4      | Noticed a phantom
  2431 | D:4      | Killed a phantom
  2431 | D:4      | Reached XP level 6. HP: 33/55 MP: 5/5
  2690 | D:4      | Reached *** piety under Trog
  2709 | D:4      | Reached skill level 5 in Fighting
  3164 | D:4      | Found a staircase to the Ecumenical Temple.
  3387 | D:4      | Reached XP level 7. HP: 60/61 MP: 6/6
  3398 | D:4      | Killed HoaS's ghost
  3398 | D:4      | Reached skill level 5 in Armour
  3540 | D:5      | Entered Level 5 of the Dungeon
  3565 | D:5      | Reached XP level 8. HP: 70/70 MP: 7/7
  3568 | D:5      | Reached skill level 1 in Maces & Flails
  4081 | D:5      | Found a sand-covered staircase.
  4088 | Ossuary  | Entered an ossuary
  4110 | Ossuary  | Reached skill level 2 in Maces & Flails
  4125 | Ossuary  | Reached **** piety under Trog
  4523 | D:5      | Reached skill level 3 in Maces & Flails
  4915 | D:6      | Reached skill level 4 in Maces & Flails
  4953 | D:6      | Found a sparkling altar of Nemelex Xobeh.
  4953 | D:6      | Found a shattered altar of Ashenzari.
  4958 | D:6      | Found a faded altar of an unknown god.
  4960 | D:6      | Found an iron altar of Okawaru.
  4962 | D:6      | Found a shimmering altar of Xom.
  5365 | D:6      | Reached skill level 5 in Maces & Flails
  5442 | D:6      | Reached XP level 9. HP: 72/78 MP: 8/8
  5785 | D:7      | Reached skill level 6 in Maces & Flails
  6126 | D:7      | Reached skill level 7 in Maces & Flails
  6649 | D:7      | Reached ***** piety under Trog
  6911 | D:8      | Reached skill level 8 in Maces & Flails
  7257 | D:8      | Found Etun's Mass Market.
  7297 | D:8      | Found a bloodstained altar of Trog.
  7324 | D:8      | Found Taasofaetz's Food Shop.
  7463 | D:8      | Noticed a queen bee
  7476 | D:8      | Killed a queen bee
  7476 | D:8      | Received a gift from Trog
  7476 | D:8      | Reached skill level 9 in Maces & Flails
  7946 | D:8      | Reached XP level 10. HP: 80/88 MP: 9/9
  8424 | D:9      | Reached skill level 10 in Maces & Flails
  8542 | D:9      | Noticed a two-headed ogre
  8553 | D:9      | Killed a two-headed ogre
  8784 | D:9      | Found a sacrificial altar of Ru.
  9179 | D:9      | Found a snail-covered altar of Cheibriados.
  9485 | D:10     | Entered Level 10 of the Dungeon
  9503 | D:10     | Found a staircase to the Lair.
  9529 | D:10     | Noticed a gargoyle
  9541 | D:10     | Reached skill level 11 in Maces & Flails
  9567 | D:10     | Slain by a gargoyle

Illustrated notes

Levels and vault maps discovered:
D:1:      beargit_arrival_greenhouse, layout_basic,
          chequers_serial_rivers_micro_d
D:2:      layout_rooms
D:3:      layout_basic, lemuel_doored_altar, nicolae_overflow_crystal_walls,
          first_ration
D:4:      cheibrodos_quashed, layout_loops_ring, minmay_temple_entry_nine_rooms,
          biasface_ghost_orc_armoury
D:5:      minmay_opposing_rooms, layout_loops_cross,
          nicolae_ossuary_entry_monument, minmay_misc_feat_encased, minivault_27
D:6:      layout_basic, chequers_temple_overflow_minitemple,
          minmay_misc_feat_roman, minmay_misc_feat_columns,
          minmay_misc_feat_diagonals, chequers_serial_rivers_room_b,
          minmay_door_square
D:7:      layout_basic
D:8:      layout_loops_ring, lemuel_crystal_altar, serial_shops,
          nicolae_shop_trees, david_nohive_1, minmay_shop_mass
D:9:      layout_stronghold, cheibriados_altar_1, old_standard_altar
D:10:     layout_layer_cave, erik_lair_orcish_takeover, hiddenorc2_lemuel,
          uniq_erolcha

Skill      XL: |  1  2  3  4  5  6  7  8  9 10 |
---------------+-------------------------------+-----
Fighting       | 4 5 6 8 9 |  9.3
Axes           | 4 5 6 7 9 |  9.8
Armour         | 3 4 5 6 7 8 |  8.7
Maces & Flails | 5 9 11 | 11.1
Dodging        | 3 4 |  4.2
Stealth        | |  0.8

Action                   |  1- 3 |  4- 6 |  7- 9 | 10-12 || total
-------------------------+-------+-------+-------+-------++-------
Melee: Hand axe          |    89 |   113 |    19 |       ||   221
       Headbutt          |    16 |    18 |    53 |    27 ||   114
       Mace              |       |       |   338 |   117 ||   455
       Flail             |       |       |     8 |    23 ||    31
Invok: Berserk           |     1 |     2 |     4 |     3 ||    10
       Trog's Hand       |       |       |     1 |     1 ||     2
       Brothers in Arms  |       |       |     1 |     1 ||     2
  Use: Scroll            |       |       |     5 |     6 ||    11
       Potion            |       |       |       |     1 ||     1
  Eat: Ration            |       |     2 |     4 |     2 ||     8
Armor: Animal skin       |     7 |       |       |       ||     7
       Plate armour      |    26 |    65 |    85 |       ||   176
       Chain mail        |       |       |    44 |    57 ||   101
Dodge: Dodged            |    41 |    46 |   126 |    42 ||   255
Block: Kite shield       |       |       |       |     6 ||     6

Table legend:
 A = Non-vault XP
 B = Vault XP
 C = Vault XP percentage of total XP
 D = Non-vault monster count
 E = Vault monster count
 F = Vault count percentage of total count
                 A         B        C        D         E       F
            +---------+---------+-------+---------+---------+-------
      Total |    6207 |    2704 |  30.3 |     189 |      55 |  22.5
            +---------+---------+-------+---------+---------+-------
        D:1 |      53 |       0 |   0.0 |      27 |       0 |   0.0
        D:2 |      52 |       0 |   0.0 |      10 |       0 |   0.0
        D:3 |      40 |       0 |   0.0 |      20 |       0 |   0.0
        D:4 |     564 |     612 |  52.0 |      23 |      10 |  30.3
        D:5 |     626 |     134 |  17.6 |      14 |       5 |  26.3
        D:6 |     642 |       0 |   0.0 |      23 |       0 |   0.0
        D:7 |    1082 |       0 |   0.0 |      25 |       0 |   0.0
        D:8 |     570 |    1261 |  68.9 |      19 |      17 |  47.2
        D:9 |    2531 |       0 |   0.0 |      23 |       0 |   0.0
       D:10 |      47 |     570 |  92.4 |       5 |       7 |  58.3
    Ossuary |       0 |     127 | 100.0 |       0 |      16 | 100.0
            +---------+---------+-------+---------+---------+-------
